 Dungeon Crawl Stone Soup version 0.18.1-50-g88ac8fd (webtiles) character file.

43 roflturtle the Shield-Bearer (level 3, -7/29 HPs)
             Began as a Formicid Fighter on Oct 20, 2016.
             Killed by nerve-wracking pain
             ... invoked by criton's ghost
              (10 damage)
             ... on level 3 of the Dungeon.
             The game lasted 00:05:31 (1749 turns).

roflturtle the Shield-Bearer (Formicid Fighter)     Turns: 1749, Time: 00:05:31

Health: -7/29      AC:  6    Str: 21    XL:     3   Next: 82%
Magic:  3/3        EV:  8    Int:  7    God:
Gold:   214        SH:  9    Dex: 10    Spells: 0 memorised, 2 levels left

rFire  . . .     SeeInvis +     a - +0 long sword
rCold  . . .     Gourm    .     b - +0 scale mail
rNeg   . . .     Faith    .     c - +0 shield
rPois  .         Spirit   .     (helmet unavailable)
rElec  .         Dismiss  .     (no cloak)
rCorr  .         Reflect  .     (no gloves)
SustAt .         Harm     .     (no boots)
MR     .....                    (no amulet)
Stlth  ..........               (no ring)
                                (no ring)

@: not resistant to hostile enchantments, extremely unstealthy
A: permanent stasis, dig shafts and tunnels, four strong arms, antennae 3
a: Dig, Shaft Self


You were on level 3 of the Dungeon.
You were not hungry.

You visited 1 branch of the dungeon, and saw 3 of its levels.

You collected 214 gold pieces.

Inventory:

Hand Weapons
 a - a +0 long sword (weapon)
Armour
 b - a +0 scale mail (worn)
 c - a +0 shield (worn)
Jewellery
 s - a cursed amulet of inaccuracy {unknown}
Scrolls
 e - a scroll of enchant armour {unknown}
 i - a scroll of fog {unknown}
 l - 2 scrolls of blinking {unknown}
 n - a scroll of enchant weapon {unknown}
 o - 2 scrolls of identify {unknown}
 t - a scroll of fear {unknown}
Potions
 d - a potion of might
 g - a potion of brilliance {unknown}
 h - 2 potions of mutation {unknown}
 k - a potion of berserk rage {unknown}
 m - a potion of degeneration {unknown}
 q - 2 potions of curing {unknown}
Comestibles
 f - 4 bread rations
 j - a royal jelly
 p - 3 chunks of flesh
 r - 2 meat rations


   Skills:
 - Level 3.2 Fighting
 + Level 3.5 Long Blades
 - Level 3.2 Armour
 - Level 4.0 Shields


You had 2 spell levels left.
You didn't know any spells.

Dungeon Overview and Level Annotations

Branches:
Dungeon (3/15)

Altars:
Qazlal

Annotations:
D:3 criton's ghost, amateur DsNe


Innate Abilities, Weirdness & Mutations

You are under a permanent stasis effect.
You can dig through walls and to a lower floor.
Your four strong arms can wield two-handed weapons with a shield.
You have a pair of large antennae on your head (SInv).


Message History

The floor.
Criton's ghost barely misses you.
You miss criton's ghost. Criton's ghost hits you.
You block criton's ghost's attack.
You closely miss criton's ghost.
Criton's ghost gestures at you while chanting.
Pain shoots through your body!
You closely miss criton's ghost.
Criton's ghost hits you but does no damage.
You are electrocuted!
Ouch! That really hurt!
* * * LOW HITPOINT WARNING * * *
You barely miss criton's ghost. Criton's ghost hits you.
* * * LOW HITPOINT WARNING * * *
Criton's ghost gestures at you while chanting.
You barely resist. You barely miss criton's ghost.
Criton's ghost gestures at you while chanting.
Pain shoots through your body!
You die...

#.##.#. #.#.# #.#.##.#. #.#.#
#.#.##.#. #### #.#.#
.#.#...... #...
#.#.###..#.#.####. {#####...
#.#..... #.#...... #......
#.#... #.######.
#.....#######.#.######.....>..
+.....'.....W@..>.#.....##..#.
#.....#######.#...#.###..#..#.
#..^..#######.#.#.#.# #÷<...#.
#.....##............###...#.#.
#...W.##......................
#.....)§.§..........####.#####
#.....≈.≈.≈...............(...
#..≈≈.≈.§≈≈.........####.####.
....≈#+≈##≈≈..........#
#....#.


You could see criton's ghost.

Vanquished Creatures
  An adder (D:2)
  A dart slug (D:2)
  A giant gecko (D:1)
  2 ball pythons
  3 bats (D:2)
  A giant cockroach (D:3)
  4 goblins
  6 hobgoblins
  3 giant newts
  4 kobolds
  5 rats
31 creatures vanquished.

Notes
Turn   | Place    | Note
--------------------------------------------------------------
     0 | D:1      | roflturtle the Formicid Fighter began the quest for the Orb.
     0 | D:1      | Reached XP level 1. HP: 18/18 MP: 1/1
   248 | D:1      | Reached skill level 4 in Shields
   411 | D:1      | Reached XP level 2. HP: 24/24 MP: 2/2
   769 | D:2      | Reached XP level 3. HP: 25/29 MP: 3/3
  1641 | D:3      | Found a stormy altar of Qazlal.
  1725 | D:3      | Noticed criton's ghost (amateur DsNe)
  1749 | D:3      | Killed from afar by criton's ghost

Skill      XL: |  1  2  3 |
---------------+----------+-----
Shields        | 4 |  4.0
Long Blades    | 3 |  3.5
Fighting       | |  3.2
Armour         | |  3.2

Action                   || total
-------------------------++-------
Melee: Long sword        ||    96
  Eat: Chunk             ||     3
Armor: Scale mail        ||    31
Dodge: Dodged            ||    25
Block: Shield            ||    50
